 Dungeon Crawl Stone Soup version 0.27-a0-223-ge082b6e869 (webtiles) character file.

Game seed: 14815829152698511724

4 puppykicker the Vexing (level 1, -1/15 HPs)
             Began as a Vampire Arcane Marksman on Feb 2, 2021.
             Slain by a goblin (3 damage)
             ... on level 1 of the Dungeon.
             The game lasted 00:02:08 (196 turns).

puppykicker the Vexing (Vampire Arcane Marksman)     Turns: 196, Time: 00:02:09

Health: -1/15      AC:  2    Str:  9    XL:     1   Next: 58%
Magic:  1/2        EV: 12    Int: 15    God:
Gold:   30         SH:  0    Dex: 14    Spells: 1/2 levels left

rFire    . . .     SeeInvis +   b - +0 dagger
rCold    . . .     Faith    .   (no shield)
rNeg     . . .     Spirit   .   e - +0 robe
rPois    .         Reflect  .   (no helmet)
rElec    .         Harm     .   (no cloak)
rCorr    .         Rampage  .   (no gloves)
Will     .....                  (no boots)
Stlth    +.........             (no amulet)
HPRegen  0.25/turn              (no ring)
MPRegen  0.08/turn              (no ring)

@: regenerating quickly
A: fangs 3, see invisible, unbreathing
a: Exsanguinate


You were on level 1 of the Dungeon.
You visited 1 branch of the dungeon, and saw 1 of its levels.

You collected 30 gold pieces.

Inventory:

Hand Weapons
 a - a +0 hand crossbow
 b - a +0 dagger (weapon)
Missiles
 d - 20 bolts
Armour
 e - a +0 robe (worn)
Potions
 c - a potion of heal wounds {unknown}


   Skills:
 + Level 1.0 Fighting
 * Level 1.7 Crossbows
 - Level 2.1 Dodging
 + Level 0.2 Stealth
 + Level 1.0 Spellcasting
 + Level 4.5 Hexes


You had one spell level left.
You knew the following spells:

 Your Spells              Type           Power        Failure   Level
v - Corona                Hex            15%          3%          1

Your spell library contained the following spells:

 Spells                   Type           Power        Failure   Level
 Slow                     Hex            14%          6%          2
 Inner Flame              Hex/Fire       7%           28%         3
 Portal Projectile        Hex/Tloc       14%          28%         3
 Cause Fear               Hex            7%           36%         4
 Leda's Liquefaction      Hex/Erth       3%           67%         4


Dungeon Overview and Level Annotations

Branches:
Dungeon (1/15)

Altars:


Innate Abilities, Weirdness & Mutations

Your natural rate of healing is unusually fast.
You have razor-sharp teeth.
You have supernaturally acute eyesight. (SInv)
You can survive without breathing.


Message History

There is an open door here.
Casting: Corona (safe; 3% risk of failure)
You don't know that spell.
Okay, then.
Casting: Corona (safe; 3% risk of failure)
Okay, then.
Unknown command.
Casting: Corona (safe; 3% risk of failure)
Aiming: Corona (safe; 3% risk of failure)
Press: ? - help, Shift-Dir - straight line, f - goblin
Aim: a goblin (chance to affect: 68%)
The goblin barely resists.
The goblin hits you.
* * * LOW HITPOINT WARNING * * *
You take 4 damage, and have 2/15 hp.
MASSIVE DAMAGE!!
You now have 1/2 mp.
You aren't carrying any items that you can evoke.
Unknown command.
You closely miss the goblin. The goblin hits you.
You die...

########## #######.......[#
#######
...............#####.....#######
......>.........@g.'w...........
.......##+##########............
........#.##########...w.....?..
..............................).
........#†#.#....#.####...w.....
#####...#.#.#.##.#.# #.........
#..##.#.#.##.#.# ########..
#.........##.#.# .
#...##.........#.####


You could see 2 dart slugs and a goblin.

Levels and vault maps discovered:
D:1:      dpeg_chamrin_arrival_tetris, layout_basic, minivault_27

Notes
Turn   | Place    | Note
-------+----------+-------------------------------------------
     0 | D:1      | puppykicker the Vampire Arcane Marksman began the quest for
                  | the Orb.
     0 | D:1      | Reached XP level 1. HP: 14/14 MP: 2/2
   111 | D:1      | Identified a +0 dagger
   116 | D:1      | Reached skill level 1 in Fighting
   118 | D:1      | Identified a +0 hand crossbow
   195 | D:1      | HP: 2/15 [goblin (4)]
   196 | D:1      | Slain by a goblin

Table legend: (Time is in decaauts)
 A = Elapsed time spent in this place.
 B = Non-inter-level travel time spent in this place.
 C = Inter-level travel time spent in this place.
 D = Time resting spent in this place.
 E = Time spent auto-exploring this place.
 F = Levels seen in this place.
 G = Mean time per level.
                   A        B        C        D        E       F      G
               +--------+--------+--------+--------+--------+-----+--------+
         Total |    195 |    195 |      0 |     21 |    126 |   1 |  195.0 |
       Dungeon |    195 |    195 |      0 |     21 |    126 |   1 |  195.0 |
               +--------+--------+--------+--------+--------+-----+--------+

Top non-repeatable levels by time:
     D:1: 195 daAuts

Table legend:
 A = Kills in this place as a percentage of kills in entire the game.
 B = Kills by you in this place as a percentage of kills by you in the entire game.
 C = Kills by friends in this place as a percentage of kills by friends in the entire game.
 D = Other kills in this place as a percentage of other kills in the entire game.
 E = Experience gained in this place as a percentage of experience gained in the entire game.
 F = Experience gained in this place divided by the number of levels of this place that you have seen.
                   A       B       C       D       E      F
               +-------+-------+-------+-------+-------+----------------------
         Total | 100.0 | 100.0 |   N/A |   N/A | 100.0 |   7.0
       Dungeon | 100.0 | 100.0 |   N/A |   N/A | 100.0 |   7.0
               +-------+-------+-------+-------+-------+----------------------

Skill      XL: |  1 |
---------------+----+-----
Fighting       | 1 |  1.0
Crossbows      | |  1.7
Dodging        | |  2.1
Stealth        | |  0.2
Spellcasting   | |  1.0
Hexes          | |  4.5

Action                   || total
-------------------------++-------
Melee: Dagger            ||    19
       Unarmed           ||     3
       Bite              ||     1
 Fire: Hand crossbow     ||     2
 Cast: Corona            ||     1
Armor: Robe              ||     2
Dodge: Dodged            ||    14

Vanquished Creatures
  3 goblins (D:1)
  A rat (D:1)
4 creatures vanquished.
